 Dungeon Crawl Stone Soup version 0.26-a0-547-g695e311 (webtiles) character file.

Game seed: 7355162991365270462

3535 robertstho the Thaumaturge (level 9, -4/52 HPs)
             Began as a Deep Elf Air Elementalist on Aug 19, 2020.
             Slain by a killer bee (10 damage)
             ... on level 7 of the Dungeon.
             The game lasted 00:14:19 (8089 turns).

robertstho the Thaumaturge (DEAE)                   Turns: 8089, Time: 00:14:20

Health: -4/52      AC:  3    Str:  5    XL:     9   Next: 82%
Magic:  0/27       EV: 13    Int: 30    God:
Gold:   270        SH:  5    Dex: 15    Spells: 18/33 levels left

rFire    . . .     SeeInvis .   v - +0 short sword (speed)
rCold    . . .     Faith    .   (no shield)
rNeg     . . .     Spirit   .   D - +1 robe {MR+}
rPois    .         Reflect  +   (no helmet)
rElec    .         Harm     .   (no cloak)
rCorr    .                      (no gloves)
MR       +....                  (no boots)
Stlth    ++........             t - amulet of reflection
HPRegen  0.17/turn              n - ring of wizardry
MPRegen  0.20/turn              w - +6 ring of intelligence

@: studying Short Blades
A: no striking features
a: no special abilities


You were on level 7 of the Dungeon.
You visited 1 branch of the dungeon, and saw 7 of its levels.

You collected 270 gold pieces.

Inventory:

Hand Weapons
 f - a +3 hand axe
 v - a +0 short sword of speed (weapon)
Missiles
 j - 2 throwing nets (quivered)
Armour
 D - a +1 robe of magic resistance (worn)
Jewellery
 e - an uncursed amulet of magic regeneration
 l - an uncursed amulet of the acrobat
 n - a ring of wizardry (left hand)
 t - an amulet of reflection (around neck)
 w - a +6 ring of intelligence (right hand)
Wands
 a - a wand of polymorph (9)
 E - a wand of enslavement (11)
Scrolls
 c - a scroll of magic mapping {unknown}
 d - a scroll of fog {unknown}
 g - 2 scrolls of immolation {unknown}
 h - 2 scrolls of fear {unknown}
 i - 2 scrolls of enchant armour {unknown}
 m - a scroll of remove curse {unknown}
 o - a scroll of teleportation {unknown}
 q - 2 scrolls of blinking {unknown}
 y - a scroll of noise {unknown}
 z - 3 scrolls of identify
 C - a scroll of random uselessness {unknown}
Potions
 b - a potion of degeneration {unknown}
 k - a potion of might {unknown}
 p - a potion of magic {unknown}
 r - 2 potions of curing
 s - 2 potions of mutation
 x - a potion of haste {unknown}
 A - 3 potions of brilliance {unknown}
 B - a potion of cancellation {unknown}
Books
 u - a manual of Short Blades


   Skills:
 * Level 4.4 Fighting
 + Level 0.5 Short Blades
 + Level 3.0 Dodging
 + Level 3.1 Stealth
 * Level 12.6 Spellcasting
 * Level 5.4 Conjurations
 + Level 7.2 Air Magic


You had 18 spell levels left.
You knew the following spells:

 Your Spells              Type           Power        Failure   Level
a - Shock                 Conj/Air       ####         1%          1
b - Swiftness             Air            ######..     1%          2
c - Static Discharge      Conj/Air       ######..     1%          3
d - Airstrike             Air            ######....   1%          4
e - Lightning Bolt        Conj/Air       ######....   2%          5

Your spell library contained the following spells:

 Spells                   Type           Power        Failure   Level


Dungeon Overview and Level Annotations

Branches:
Dungeon (7/15)
 Temple: D:4-7

Altars:
Gozag
Hepliaklqana
Makhleb
Okawaru
Qazlal
Wu Jian
Xom
The Shining One


Message History

You block the killer bee's attack. The killer bee stings you.
You are more poisoned.
The killer bee poisons you!
It was a potion of curing.
You feel better. The killer bee closely misses you. The killer bee stings you!
Casting: Shock (safe; 1% risk of failure)
Confirm with . or Enter, or press ? or * to list all spells.
Aiming: Shock (safe; 1% risk of failure)
Press: ? - help, Shift-Dir - straight line That beam is likely to hit you.
Continue anyway?
The zap misses the killer bee. x2; The zap hits you!
* * * LOW HITPOINT WARNING * * *
You block the killer bee's attack. The killer bee stings you!
* * * LOW HITPOINT WARNING * * *
Unknown command.
You barely miss the killer bee.
The killer bee is severely wounded.
The killer bee stings you!
You die...

##### ##...## #.....##
..# #..#...#
...############ ###'#..<#
..............###...#...#
.............##_..###..##
.(........@.>##...####..
..........y.##..._#Z##..#
K............#.#####.#..#
.))..$.)....†'.##v#Z##.##
....).)###########.###.
....##. ## ... .. . .#.
....


You could see a killer bee.

Vanquished Creatures
  Pikel (D:5)
  Prince Ribbit (D:5)
  A hippogriff (D:4)
  Sigmund (D:5)
  A wyvern (D:7)
  Eustachio (D:5)
  An orc warrior (D:6)
  An ice beast (D:7)
  2 sky beasts
  An ogre (D:7)
  3 centaurs
  A lemure (D:5)
  A big kobold (D:7)
  Blork the orc (D:4)
  3 scorpions (D:4)
  4 killer bees (D:7)
  4 howler monkeys
  A quasit (D:7)
  A hound (D:4)
  2 bullfrog skeletons
  A centaur skeleton (D:7)
  Ijyb (D:5)
  4 worker ants
  An iguana (D:4)
  8 orc wizards
  A hound zombie (D:6)
  2 hound skeletons
  6 gnolls
  A howler monkey skeleton (D:2)
  23 adders
  2 white imps
  An ufetubus (D:7)
  An ooze (D:1)
  An adder zombie (D:7)
  3 dart slugs
  2 worms
  3 leopard geckos
  21 orcs
  14 bats
  3 giant cockroaches
  7 goblins
  3 jackals
  13 kobolds
  5 quokkas
  3 frilled lizards
  A leopard gecko zombie (D:7)
  A quokka skeleton (D:4)
  A quokka zombie (D:7)
  4 rats
169 creatures vanquished.

Vanquished Creatures (others)
  13 fungi (D:4)
13 creatures vanquished.

Grand Total: 182 creatures vanquished

Notes
Turn   | Place    | Note
-------+----------+-------------------------------------------
     0 | D:1      | robertstho the Deep Elf Air Elementalist began the quest
                  | for the Orb.
     0 | D:1      | Reached XP level 1. HP: 10/10 MP: 6/6
   242 | D:1      | Reached XP level 2. HP: 15/15 MP: 6/8
   794 | D:2      | Reached XP level 3. HP: 15/20 MP: 7/10
   869 | D:2      | Learned a level 2 spell: Swiftness
   873 | D:2      | Learned a level 3 spell: Static Discharge
  1226 | D:2      | Reached XP level 4. HP: 22/24 MP: 2/11
  1263 | D:2      | Reached skill level 1 in Fighting
  1279 | D:2      | Reached skill level 4 in Spellcasting
  1747 | D:3      | Reached XP level 5. HP: 25/29 MP: 3/13
  1794 | D:3      | Learned a level 4 spell: Airstrike
  1815 | D:3      | Found an ornate altar of the Wu Jian Council.
  2067 | D:3      | Found a glowing golden altar of the Shining One.
  2246 | D:3      | Reached skill level 5 in Spellcasting
  2684 | D:4      | Reached XP level 6. HP: 27/35 MP: 0/16
  2800 | D:4      | Noticed a hippogriff
  2803 | D:4      | Killed a hippogriff
  2803 | D:4      | Reached skill level 6 in Spellcasting
  2904 | D:4      | Reached skill level 7 in Spellcasting
  2904 | D:4      | Reached XP level 7. HP: 30/40 MP: 6/19
  3658 | D:4      | Reached skill level 8 in Spellcasting
  4261 | D:4      | Noticed Blork the orc
  4264 | D:4      | Killed Blork the orc
  4264 | D:4      | Reached skill level 5 in Air Magic
  4479 | D:4      | Reached XP level 8. HP: 45/45 MP: 8/22
  4584 | D:4      | Found the +7 Singing Sword {vorpal, sonic wave}
  4672 | D:5      | Entered Level 5 of the Dungeon
  4740 | D:5      | Noticed Eustachio
  4744 | D:5      | Killed Eustachio
  4744 | D:5      | Reached skill level 9 in Spellcasting
  5000 | D:5      | Noticed Prince Ribbit
  5004 | D:5      | Killed Prince Ribbit
  5268 | D:5      | Noticed Sigmund
  5272 | D:5      | Killed Sigmund
  5272 | D:5      | Reached skill level 10 in Spellcasting
  5442 | D:5      | Learned a level 5 spell: Lightning Bolt
  5471 | D:5      | Noticed Pikel
  5506 | D:5      | Killed Pikel
  5506 | D:5      | Reached skill level 5 in Conjurations
  5506 | D:5      | Reached XP level 9. HP: 35/51 MP: 0/25
  5696 | D:5      | Noticed Ijyb
  5699 | D:5      | Killed Ijyb
  5934 | D:6      | Reached skill level 11 in Spellcasting
  6374 | D:6      | Found an iron altar of Okawaru.
  6634 | D:6      | Found a burning altar of Makhleb.
  6639 | D:6      | Found an opulent altar of Gozag.
  6698 | D:6      | Found a stormy altar of Qazlal.
  7350 | D:7      | Reached skill level 12 in Spellcasting
  7770 | D:7      | Found a hazy altar of Hepliaklqana.
  7771 | D:7      | Found a shimmering altar of Xom.
  7772 | D:7      | Noticed a spectral ugly thing
  8089 | D:7      | Slain by a killer bee

Illustrated notes

Levels and vault maps discovered:
D:1:      matt_arrival_spirals, layout_loops_ring, minmay_pentomino_v4
D:2:      minmay_evil_eye, layout_basic
D:3:      layout_basic, nicolae_tso_carved_into_rock, lemuel_doored_altar,
          chequers_jeans
D:4:      old_forge, layout_loops_ring, serial_bayou_ford_a,
          minmay_manual_mares, uniq_blork_the_orc
D:5:      layout_loops_ring, uniq_pikel, uniq_eustachio, uniq_prince_ribbit1,
          uniq_sigmund, uniq_ijyb
D:6:      layout_basic, nicolae_qazlal_general_emergency,
          grunt_temple_overflow_open
D:7:      minmay_slanted_spiral_squares, layout_rooms,
          regret_index_temple_of_mockery, lemuel_round_altar,
          minmay_temple_entry_grid, hangedman_minor_gate_pass

Skill      XL: |  1  2  3  4  5  6  7  8  9 |
---------------+----------------------------+-----
Conjurations   | 2 3 4 5 |  5.4
Fighting       | 1 2 3 4 |  4.4
Spellcasting   | 4 5 7 8 10 12 | 12.6
Air Magic      | 4 5 6 7 |  7.2
Stealth        | 3 |  3.1
Dodging        | 3 |  3.0
Short Blades   | |  0.5

Action                   |  1- 3 |  4- 6 |  7- 9 || total
-------------------------+-------+-------+-------++-------
Melee: Hand axe          |     5 |       |       ||     5
       Short sword       |       |       |    13 ||    13
 Cast: Shock             |    47 |    62 |    26 ||   135
       Static Discharge  |     5 |     9 |     8 ||    22
       Airstrike         |       |    20 |   138 ||   158
  Use: Scroll            |       |     2 |       ||     2
       Potion            |       |     1 |     1 ||     2
Armor: Robe              |     2 |     3 |     5 ||    10
Dodge: Dodged            |    14 |     9 |    18 ||    41
Block: Other             |       |       |    10 ||    10

Table legend: (Time is in decaauts)
 A = Elapsed time spent in this place.
 B = Non-inter-level travel time spent in this place.
 C = Inter-level travel time spent in this place.
 D = Time resting spent in this place.
 E = Time spent auto-exploring this place.
 F = Levels seen in this place.
 G = Mean time per level.
                   A        B        C        D        E       F      G
               +--------+--------+--------+--------+--------+-----+--------+
         Total |   8092 |   7889 |    203 |   2272 |   4892 |   7 | 1156.0 |
       Dungeon |   8092 |   7889 |    203 |   2272 |   4892 |   7 | 1156.0 |
               +--------+--------+--------+--------+--------+-----+--------+

Top non-repeatable levels by time:
     D:4: 2239 daAuts
     D:6: 1669 daAuts
     D:5: 1253 daAuts
     D:2: 936 daAuts
     D:1: 765 daAuts
     D:3: 735 daAuts
     D:7: 491 daAuts
